General information
- name: BNet
- type: Ladder team game (AT/RT)
- host: Battle.net
- saver: HeilHitIer
map: FullScaleAssault
- players: 8
- length: 39:31
- speed: Fast
- version: 1.26 W3XP
- replay type: Public
» download(182 KB)
Players
team 1 (winner)
thtcrazykush (
green | 32 APM | 1107 actions | 34:22)
8 Keeper of the Grove
3 Entangling Roots
3 Thorns Aura
1 Tranquility
1 Force of Nature
6 Naga Sea Witch
3 Forked Lightning
2 Mana Shield
1 Tornado
» actions
| Basic commands | 3 | |
| Build / train | 97 | |
| Enter build submenu | 29 | |
| Enter hero's abilities submenu | 14 | |
| Give item / drop item | 2 | |
| Remove unit from queue | 7 | |
| Right click | 511 | |
| Select / deselect | 397 | |
| Use ability | 47 | |
1107 total
» units
| Wisp | 28 | |
| Dryad | 6 | |
| Chimaera | 11 | |
| Hippogryph | 14 | |
| Blue Drake | 1 | |
60 total
» upgrades
| Strength of the Wild | 3 | |
| Reinforced Hides | 2 | |
| Abolish Magic | 1 | |
| Corrosive Breath | 1 | |
7 total
» buildings
| Moon Well | 9 | |
| Tree of Ages | 2 | |
| Altar of Elders | 2 | |
| Hunter's Hall | 2 | |
| Ancient of Wind | 1 | |
| Ancient of Lore | 1 | |
| Ancient of Wonders | 1 | |
| Ancient Protector | 2 | |
| Tree of Life | 5 | |
| Tree of Eternity | 1 | |
| Chimaera Roost | 4 | |
30 total
» build order
00:06 Moon Well
03:22 Tree of Ages
03:27 Altar of Elders
03:30 Hunter's Hall
04:26 Moon Well
05:47 Ancient of Wind
05:56 Ancient of Lore
06:01 Moon Well
06:04 Moon Well
06:09 Ancient of Wonders
06:14 Ancient Protector
06:18 Ancient Protector
08:14 Tree of Life
09:00 Tree of Eternity
11:41 Chimaera Roost
11:43 Chimaera Roost
11:44 Chimaera Roost
11:45 Moon Well
11:50 Chimaera Roost
12:31 Moon Well
12:37 Moon Well
14:12 Moon Well
24:40 Tree of Life
24:42 Altar of Elders
24:44 Tree of Life
26:59 Tree of Ages
28:46 Tree of Life
28:49 Tree of Life
29:57 Hunter's Hall
30:33 Moon Well
» items
| Scroll of Town Portal | 1 | |
| Potion of Healing | 1 | |
2 total
HeilHitIer (
teal | 59 APM | 2326 actions | 39:31)
8 Mountain King
3 Storm Bolt
3 Bash
1 Avatar
1 Thunder Clap
» actions
| Assign group hotkey | 251 | |
| Basic commands | 266 | |
| Build / train | 90 | |
| Enter build submenu | 28 | |
| Enter hero's abilities submenu | 8 | |
| Give item / drop item | 6 | |
| Remove unit from queue | 1 | |
| Right click | 1022 | |
| Select / deselect | 347 | |
| Select group hotkey | 252 | |
| Use ability | 51 | |
2326 total
» units
| Peasant | 20 | |
| Footman | 12 | |
| Gryphon Rider | 24 | |
56 total
» upgrades
| Masonry | 3 | |
| Swords | 3 | |
| Storm Hammers | 1 | |
| Animal War Training | 1 | |
| Backpack | 1 | |
| Armor | 3 | |
12 total
» buildings
| Altar of Kings | 1 | |
| Barracks | 1 | |
| Farm | 15 | |
| Lumber Mill | 1 | |
| Keep | 1 | |
| Arcane Vault | 1 | |
| Scout Tower | 4 | |
| Arcane Tower | 1 | |
| Castle | 1 | |
| Town Hall | 1 | |
| Blacksmith | 1 | |
| Gryphon Aviary | 3 | |
| Guard Tower | 3 | |
34 total
» build order
00:05 Altar of Kings
00:09 Barracks
00:13 Farm
01:31 Farm
02:04 Farm
02:16 Lumber Mill
03:11 Keep
03:17 Arcane Vault
04:48 Farm
04:54 Scout Tower
05:27 Arcane Tower
06:22 Castle
06:27 Town Hall
06:54 Blacksmith
07:44 Gryphon Aviary
07:49 Gryphon Aviary
07:51 Gryphon Aviary
09:40 Scout Tower
09:42 Scout Tower
09:44 Scout Tower
11:38 Farm
11:40 Farm
11:51 Guard Tower
12:36 Guard Tower
14:39 Guard Tower
14:48 Farm
14:51 Farm
14:54 Farm
19:31 Farm
19:33 Farm
20:40 Farm
22:17 Farm
26:02 Farm
26:04 Farm
» items
| Staff of Teleportation | 1 | |
| Boots of Speed | 1 | |
| Scroll of Regeneration | 2 | |
| Orb of Fire | 1 | |
| Potion of Healing | 1 | |
6 total

»
skatchcwb (
yellow | 71 APM | 2814 actions | 39:31)
6 Archmage
3 Summon Water Elemental
2 Brilliance Aura
1 Mass Teleport
» actions
| Basic commands | 8 | |
| Build / train | 69 | |
| Enter build submenu | 29 | |
| Enter hero's abilities submenu | 6 | |
| Give item / drop item | 2 | |
| Remove unit from queue | 1 | |
| Right click | 2167 | |
| Select / deselect | 458 | |
| Use ability | 72 | |
2814 total
» units
| Peasant | 22 | |
| Footman | 2 | |
| Rifleman | 3 | |
| Knight | 6 | |
| Siege Engine | 9 | |
| Mortar Team | 1 | |
43 total
» upgrades
| Gunpowder | 2 | |
| Armor | 1 | |
| Long Rifles | 1 | |
| Animal War Training | 1 | |
| Masonry | 2 | |
| Barrage | 1 | |
| Lumber Harvesting | 1 | |
| Swords | 1 | |
| Plating | 1 | |
11 total
» buildings
| Farm | 15 | |
| Altar of Kings | 5 | |
| Barracks | 3 | |
| Arcane Vault | 1 | |
| Lumber Mill | 1 | |
| Blacksmith | 1 | |
| Keep | 1 | |
| Castle | 1 | |
| Town Hall | 4 | |
| Workshop | 3 | |
35 total
» build order
00:56 Farm
01:17 Altar of Kings
01:46 Barracks
01:49 Farm
02:03 Arcane Vault
02:45 Lumber Mill
02:50 Blacksmith
02:58 Barracks
03:51 Keep
04:27 Farm
04:30 Farm
04:31 Farm
05:24 Farm
06:36 Farm
07:35 Castle
08:20 Town Hall
12:33 Workshop
12:37 Workshop
12:41 Workshop
15:24 Farm
15:25 Farm
15:26 Farm
15:27 Farm
15:28 Farm
19:21 Farm
24:10 Town Hall
24:51 Altar of Kings
27:14 Altar of Kings
27:54 Altar of Kings
28:15 Town Hall
29:25 Altar of Kings
30:39 Farm
30:40 Farm
32:08 Town Hall
34:29 Barracks
» items
| Scroll of Regeneration | 2 | |
| Orb of Fire | 1 | |
| Potion of Healing | 2 | |
5 total

»
area51b (
purple | 36 APM | 1268 actions | 35:03)
5 Goblin Tinker
1 Pocket Factory
3 Engineering Upgrade
1 Cluster Rockets
» actions
| Basic commands | 82 | |
| Build / train | 92 | |
| Enter build submenu | 42 | |
| Enter hero's abilities submenu | 6 | |
| Give item / drop item | 1 | |
| Right click | 493 | |
| Select / deselect | 478 | |
| Use ability | 74 | |
1268 total
» units
| Wisp | 37 | |
| Archer | 4 | |
| Goblin Shredder | 1 | |
| Hippogryph | 16 | |
| Druid of the Talon | 3 | |
| Faerie Dragon | 1 | |
| Chimaera | 2 | |
| Blue Dragon | 1 | |
| Blue Dragon Whelp | 1 | |
66 total
» upgrades
| Hippogryph Taming | 1 | |
| Nature's Blessing | 2 | |
| Ultravision | 1 | |
| Strength of the Wild | 2 | |
| Improved Bows | 1 | |
| Druid of the Talon Training | 2 | |
| Marksmanship | 1 | |
| Reinforced Hides | 2 | |
| Corrosive Breath | 1 | |
| Mark of the Talon | 1 | |
14 total
» buildings
| Moon Well | 12 | |
| Ancient of War | 1 | |
| Altar of Elders | 2 | |
| Tree of Ages | 2 | |
| Tree of Life | 2 | |
| Hunter's Hall | 2 | |
| Tree of Eternity | 1 | |
| Ancient of Wind | 2 | |
| Ancient of Wonders | 1 | |
| Chimaera Roost | 6 | |
| Ancient Protector | 10 | |
41 total
» build order
00:20 Moon Well
00:35 Ancient of War
00:51 Altar of Elders
01:35 Moon Well
02:00 Moon Well
03:17 Tree of Ages
04:16 Tree of Life
04:24 Hunter's Hall
04:31 Moon Well
05:47 Tree of Eternity
06:11 Ancient of Wind
06:15 Moon Well
06:17 Ancient of Wonders
06:20 Ancient of Wind
08:21 Chimaera Roost
08:23 Chimaera Roost
08:28 Chimaera Roost
08:29 Chimaera Roost
08:34 Chimaera Roost
08:36 Chimaera Roost
08:42 Moon Well
08:44 Moon Well
08:45 Moon Well
08:49 Ancient Protector
09:20 Moon Well
09:28 Ancient Protector
09:33 Ancient Protector
10:00 Ancient Protector
10:06 Ancient Protector
10:23 Ancient Protector
11:00 Ancient Protector
11:13 Ancient Protector
11:26 Ancient Protector
11:45 Ancient Protector
25:06 Altar of Elders
27:47 Tree of Life
31:27 Moon Well
33:23 Tree of Ages
33:26 Moon Well
33:29 Moon Well
34:07 Hunter's Hall
» items
| Orb of Venom | 1 | |
| Staff of Teleportation | 1 | |
2 total
team 2 (loser)
bears-suck. (
pink | 47 APM | 675 actions | 14:18)
4 Mountain King
2 Storm Bolt
2 Bash
» actions
| Assign group hotkey | 25 | |
| Build / train | 52 | |
| Enter build submenu | 17 | |
| Enter hero's abilities submenu | 4 | |
| Give item / drop item | 4 | |
| Right click | 208 | |
| Select / deselect | 140 | |
| Select group hotkey | 170 | |
| Use ability | 55 | |
675 total
» units
| Peasant | 10 | |
| Goblin Shredder | 1 | |
| Gryphon Rider | 13 | |
| Goblin Zeppelin | 1 | |
| Chimaera | 4 | |
29 total
» upgrades
| Masonry | 3 | |
| Swords | 1 | |
| Storm Hammers | 1 | |
| Armor | 1 | |
| Corrosive Breath | 1 | |
7 total
» buildings
| Barracks | 1 | |
| Altar of Kings | 1 | |
| Farm | 17 | |
| Keep | 2 | |
| Lumber Mill | 1 | |
| Arcane Vault | 1 | |
| Blacksmith | 1 | |
| Castle | 2 | |
| Gryphon Aviary | 3 | |
| Town Hall | 1 | |
| Scout Tower | 9 | |
| Guard Tower | 4 | |
| Moon Well | 2 | |
45 total
» build order
00:21 Barracks
00:24 Altar of Kings
00:39 Farm
00:54 Farm
01:42 Farm
02:33 Keep
02:43 Lumber Mill
03:01 Arcane Vault
03:13 Farm
03:16 Farm
03:32 Blacksmith
05:11 Castle
05:49 Castle
06:10 Gryphon Aviary
06:10 Gryphon Aviary
06:11 Gryphon Aviary
06:26 Farm
06:27 Farm
06:28 Farm
06:29 Farm
06:30 Farm
06:30 Farm
06:50 Farm
06:51 Farm
06:51 Farm
06:52 Farm
06:52 Farm
06:52 Farm
10:27 Town Hall
10:30 Scout Tower
10:30 Scout Tower
10:31 Scout Tower
10:31 Scout Tower
10:35 Scout Tower
10:35 Scout Tower
10:36 Scout Tower
10:36 Scout Tower
10:37 Scout Tower
11:03 Guard Tower
12:01 Guard Tower
12:58 Guard Tower
13:04 Moon Well
13:04 Moon Well
13:43 Keep
» items
| Scroll of Regeneration | 1 | |
| Orb of Fire | 1 | |
| Potion of Lesser Invulnerability | 1 | |
3 total
JamesPlato (
orange | 24 APM | 226 actions | 09:32)
» actions
| Build / train | 50 | |
| Enter build submenu | 26 | |
| Remove unit from queue | 1 | |
| Right click | 40 | |
| Select / deselect | 85 | |
| Use ability | 24 | |
226 total
» units
| Wisp | 12 | |
| Peasant | 10 | |
| Archer | 8 | |
| Footman | 9 | |
39 total
» upgrades
» buildings
| Altar of Elders | 1 | |
| Moon Well | 5 | |
| Altar of Kings | 1 | |
| Farm | 8 | |
| Ancient of War | 1 | |
| Barracks | 1 | |
| Tree of Ages | 1 | |
| Keep | 1 | |
| Blacksmith | 1 | |
| Tree of Eternity | 1 | |
| Ancient of Wind | 1 | |
| Gryphon Aviary | 2 | |
| Chimaera Roost | 2 | |
26 total
» build order
00:24 Altar of Elders
00:37 Moon Well
00:49 Altar of Kings
01:05 Farm
01:15 Ancient of War
01:47 Moon Well
01:59 Farm
02:05 Barracks
02:39 Farm
02:55 Tree of Ages
03:01 Moon Well
03:22 Farm
03:25 Keep
03:34 Blacksmith
04:33 Farm
05:12 Farm
05:23 Tree of Eternity
05:30 Ancient of Wind
05:58 Farm
06:05 Gryphon Aviary
06:23 Gryphon Aviary
07:53 Chimaera Roost
07:59 Chimaera Roost
08:04 Moon Well
08:10 Farm
09:15 Moon Well
PhizzleCleazy (
blue | 21 APM | 848 actions | 39:31)
4 Tauren Chieftain
2 War Stomp
2 Endurance Aura
8 Archmage
3 Summon Water Elemental
2 Brilliance Aura
1 Mass Teleport
2 Blizzard
4 Priestess of the Moon
2 Trueshot Aura
2 Searing Arrows
5 Mountain King
1 Avatar
1 Bash
2 Thunder Clap
1 Storm Bolt
» actions
| Assign group hotkey | 1 | |
| Basic commands | 15 | |
| Build / train | 123 | |
| Enter build submenu | 25 | |
| Enter hero's abilities submenu | 20 | |
| Right click | 285 | |
| Select / deselect | 332 | |
| Use ability | 47 | |
848 total
» units
| Peon | 24 | |
| Grunt | 6 | |
| Chimaera | 9 | |
| Troll Headhunter/Berserker | 6 | |
| Demolisher | 4 | |
| Gryphon Rider | 33 | |
82 total
» upgrades
| Ranged Weapons | 3 | |
| Melee Weapons | 3 | |
| Armor | 3 | |
| Corrosive Breath | 1 | |
| Berserker Strength | 1 | |
| Troll Regeneration | 1 | |
| Berserker Upgrade | 1 | |
| Burning Oil | 1 | |
| Storm Hammers | 1 | |
15 total
» buildings
| War Mill | 1 | |
| Lumber Mill | 1 | |
| Farm | 1 | |
| Orc Burrow | 7 | |
| Altar of Storms | 1 | |
| Barracks | 3 | |
| Voodoo Lounge | 1 | |
| Stronghold | 1 | |
| Fortress | 1 | |
| Great Hall | 4 | |
| Moon Well | 4 | |
25 total
» build order
00:36 War Mill
00:43 Lumber Mill
00:48 Farm
01:11 Orc Burrow
01:36 Altar of Storms
01:48 Orc Burrow
02:31 Barracks
02:36 Barracks
02:42 Barracks
03:01 Orc Burrow
03:26 Voodoo Lounge
04:49 Stronghold
05:38 Orc Burrow
05:47 Orc Burrow
07:19 Fortress
08:12 Great Hall
09:52 Great Hall
12:29 Moon Well
12:32 Moon Well
12:33 Moon Well
12:35 Moon Well
13:45 Orc Burrow
13:47 Orc Burrow
30:02 Great Hall
30:07 Great Hall
» items
Chat log
(00:13 / Allies) thtcrazykush: chims
(00:32 / All) HeilHitIer: god damn leavers
(00:47 / All) bears-suck.: ur a noob teal shut up
(00:59 / All) HeilHitIer: who the fuck are you?
(01:03 / All) HeilHitIer: some random scub obviously
(01:10 / All) bears-suck.: ur daddy
(01:12 / All) bears-suck.: thats who
(01:32 / All) skatchcwb: i never played befor
(01:38 / All) HeilHitIer: really?
(01:42 / Allies) skatchcwb: no
(01:50 / All) HeilHitIer: he says no in allies chat
(01:52 / All) HeilHitIer: liar
(02:12 / All) skatchcwb: i ment no i never played
(02:20 / All) HeilHitIer: lol suuuure
(02:21 / All) area51b: lol
(05:19 / Allies) HeilHitIer: I'm expoing here
(05:32 / Allies) skatchcwb: whats that mean
(05:40 / All) thtcrazykush: hey
(05:53 / All) thtcrazykush: Stop that
(07:15 / Allies) area51b: ur a mooch eh that fine
(07:24 / Allies) thtcrazykush: sorry i wont take items
(07:25 / Allies) HeilHitIer: stfu canadian hobag
(07:30 / Allies) area51b: naw its ok
(07:43 / Allies) area51b: lets get u an expo
(10:16 / Allies) HeilHitIer: wood please
(10:33 / Allies) HeilHitIer: thanks
(13:00 / Allies) thtcrazykush: wtf u doing clearing greens
(14:17 / Allies) HeilHitIer: wood please
(14:18 / Allies) area51b: i getting dragion moocher
(15:06 / Allies) area51b: incomming teal
(16:03 / Allies) thtcrazykush: p
(16:17 / Allies) area51b: wow teal tecking me
(16:48 / All) area51b: lol teal teck me lmao
(16:54 / All) HeilHitIer: backstab
(16:56 / All) HeilHitIer: speak english
(16:59 / All) HeilHitIer: br faggot
(18:05 / Allies) thtcrazykush: wtf
(18:06 / Allies) skatchcwb: ill give gold for wood
(18:24 / Allies) thtcrazykush: ?
(18:34 / Allies) skatchcwb: wood
(18:46 / Allies) skatchcwb: ty
(21:30 / Allies) area51b: gold me ghreen
(21:45 / All) HeilHitIer: dont kill me idiots
(21:47 / All) HeilHitIer: I'm stabbing
(21:58 / All) PhizzleCleazy: k
(22:25 / Allies) HeilHitIer: nice hippos purp
(22:27 / Allies) HeilHitIer: o wait
(23:43 / All) HeilHitIer: I'm on your side blue
(24:31 / Allies) area51b: gold me man
(24:53 / All) HeilHitIer: green expo top left
(25:01 / All) HeilHitIer: mid left more like I guess
(25:13 / All) HeilHitIer: mid right
(25:16 / All) HeilHitIer: left of gob shop
(25:20 / All) HeilHitIer: I suck at directions
(25:26 / Allies) skatchcwb: y teal y
(25:36 / Allies) HeilHitIer: bears planned to stab with em
(25:44 / Allies) HeilHitIer: I have to finish the job
(26:15 / All) HeilHitIer: good oj
(26:20 / Allies) skatchcwb: they all left we could have won
(26:30 / Allies) HeilHitIer: could have
(28:53 / Allies) skatchcwb: leave me alone
(28:56 / Allies) HeilHitIer: gtfo
(29:23 / Allies) HeilHitIer: gold please
(29:31 / Allies) skatchcwb: sure
(29:54 / All) HeilHitIer: green is trying to rebuild in his previous expo
(29:57 / All) HeilHitIer: kill it with gryphons
(30:08 / Allies) area51b: help ywlloe green ffs
(31:10 / Allies) area51b: more aa green
(31:15 / Allies) area51b: u gotta take out teal
(31:51 / Allies) skatchcwb: teal u can get a win if u stop
(31:51 / All) HeilHitIer: good job blue
(31:59 / Allies) HeilHitIer: stfu and go castrate yourself pusbag
(32:28 / Allies) HeilHitIer: that heals me too retard
(32:45 / Allies) thtcrazykush: y u gay
(33:25 / Allies) skatchcwb: teal win any of us play wit u agan ur gettin killed u no that right
(33:38 / Allies) HeilHitIer: lol
(33:42 / Allies) HeilHitIer: I always use new 0-0 accounts
(33:49 / Allies) HeilHitIer: and if you attack me again that means you lose again
(34:01 / Allies) skatchcwb: but ur shit
(34:04 / Allies) HeilHitIer: purp I'm coming for you
(34:08 / Allies) HeilHitIer: you were a dick at the start
(34:16 / Allies) HeilHitIer: I'm so shit I can beat you 1v3 LMAO
(34:34 / Allies) area51b: dude its 5 vs 3 u shithead
(34:42 / Allies) HeilHitIer: wasn't at first
(34:45 / Allies) HeilHitIer: when I first raeped you
(34:52 / All) area51b: about time to sucide for real teal
(34:54 / Allies) HeilHitIer: nice expo purp
(34:56 / Allies) HeilHitIer: o wait
(34:58 / Allies) HeilHitIer: what expo?
(34:59 / All) area51b: life too hard for u
(35:29 / All) HeilHitIer: yellow, just leave
(35:32 / All) HeilHitIer: so I can give them the win ez
(35:34 / Allies) skatchcwb: no
(36:16 / Allies) skatchcwb: hahaha
(36:59 / Allies) HeilHitIer: rape
(38:01 / All) HeilHitIer: gj blue
(38:06 / All) HeilHitIer: your team deserved this win
(38:07 / All) HeilHitIer: you did good